AoeStats
← Tellez_1001

Nomad

509492681Analyzed
2v2 RM · 4d ago on Sep 27, 2026· 37m 47s· 4 players
Game mode
Random Map
Map size
176×176
Population
200
Speed
Normal
Resources
Standard
Victory
Conquest
Starting age
Dark Age
Ending age
Imperial Age
RankedLock teamsTeams togetherTeam positionsShared explorationLock speedFull tech treeHidden civsTurbo modeCheats
Victory
Defeat
🇲🇽 Spanish · Mexico
1232
+15
🇨🇱 Vikings · Chile
1204
+16
🇨🇴 Huns · Colombia
1283
-19
🇨🇴 Spanish · Colombia
1126
-12
kalelc
4:47 Loom
12:16 Feudal Age
12:44 Double-Bit Axe
20:20 Castle Age
19:09 Fletching
21:02 Bodkin Arrow
22:21 Padded Archer Armor
28:14 Leather Archer Armor
29:27 Horse Collar
31:14 Ballistics
35:13 Imperial Age
34:52 Bow Saw
35:57 Bracer
37:59 Chemistry
37:31 Ring Archer Armor
Bachicha val
5:02 Loom
13:27 Feudal Age
14:05 Feudal Age
17:52 Castle Age
15:53 Gold Mining
17:42 Double-Bit Axe
19:49 Fishing Lines
21:36 Padded Archer Armor
24:53 Leather Archer Armor
28:08 Fletching
30:31 Bloodlines
30:49 Husbandry
31:38 Town Watch
33:36 Scale Barding Armor
36:30 Wheelbarrow
Nando0215
6:10 Loom
14:09 Feudal Age
14:16 Feudal Age
18:44 Castle Age
18:23 Fletching
19:48 Bodkin Arrow
21:43 Gold Mining
21:40 Double-Bit Axe
23:32 Padded Archer Armor
25:00 Bloodlines
28:06 Husbandry
33:00 Thumb Ring
37:48 Leather Archer Armor
Tellez_1001
3:23 Loom
14:10 Feudal Age
14:57 Double-Bit Axe
20:56 Castle Age
19:16 Stone Mining
19:21 Gold Mining
21:52 Town Watch
26:28 Wheelbarrow
29:00 Scale Barding Armor
29:38 Husbandry
Connection lost

Rejoining the realm…

Still unreachable

The connection could not be restored.

Session expired

The server has moved on; the page needs a fresh start.